AoeStats
← | CZK | JasuStrychar27

Arabia

504701757Analyzed
1v1 RM · 27d ago on Sep 6, 2026· 45m 25s· 2 players
Game mode
Random Map
Map size
Tiny (2 player)
Population
200
Speed
Normal
Resources
Standard
Victory
Conquest
Starting age
Dark Age
Ending age
Imperial Age
RankedLock teamsTeams togetherTeam positionsShared explorationLock speedFull tech treeHidden civsTurbo modeCheats
Victory
Defeat
🇦🇷 Wei · Argentina
983
+17
🇪🇸 Spanish · Spain
997
-17
| CZK | JasuStrychar27
7:29 Loom
10:06 Feudal Age
10:46 Double-Bit Axe
17:05 Horse Collar
20:55 Castle Age
19:03 Gold Mining
19:22 Scale Barding Armor
19:29 Bloodlines
20:09 Forging
22:11 Wheelbarrow
22:23 Chain Barding Armor
24:25 Iron Casting
28:40 Husbandry
30:41 Gold Shaft Mining
30:18 Bow Saw
30:09 Heavy Plow
34:06 Imperial Age
35:05 Hand Cart
34:31 Heavy Hei Guang Cavalry
36:14 Blast Furnace
39:21 Stone Mining
40:34 Ming Guang Armor
40:30 Conscription
40:31 Town Watch
44:43 Town Patrol
Enedthol
2:16 Loom
9:50 Feudal Age
10:58 Double-Bit Axe
11:16 Horse Collar
20:44 Castle Age
20:07 Gold Mining
20:07 Stone Mining
21:40 Wheelbarrow
21:46 Town Watch
22:13 Bow Saw
22:08 Heavy Plow
23:37 Stone Shaft Mining
25:08 Pikeman
33:19 Imperial Age
31:41 Sanctity
33:49 Halberdier
36:38 Theocracy
36:48 Conscription
38:59 Inquisition
39:53 Murder Holes
40:49 Forging
40:40 Scale Mail Armor
40:45 Scale Barding Armor
41:04 Bloodlines
40:54 Husbandry
43:04 Iron Casting
43:21 Ballistics
45:00 Chain Mail Armor
45:47 Blast Furnace
Connection lost

Rejoining the realm…

Still unreachable

The connection could not be restored.

Session expired

The server has moved on; the page needs a fresh start.